cohdb
Replays
Latest Replays
All Replays
Popular Replays
Top Player Replays
Match Explorer
How It Works
Community
CoH3 Stats
Reddit
Sign in to upload your games and track your stats! →
Sign in with Steam
Match 25644928
Unlisted
Match 25644928
Overview
Messages
Build Orders
End
Construct Barracks
Selects Airborne Battlegroup
Selects Airborne Battlegroup
Selects Heavy Machine Gun Paradrop
Heavy Machine Gun Paradrop
Riflemen Squad
Riflemen Squad
Air Support Center
Grenade Package
Selects Paratrooper Squad Paradrop
Construct Motor Pool
Jonatanga
Eber
Eliasga89
UneXplain
EZ
Omach
0
0
Comments
sign in to comment!
No comments posted yet!